 Dungeon Crawl Stone Soup version 0.29-a0-233-g1125b37a9b (webtiles) character file.

Game seed: 5703260517717783965

30 siradein the Grave Robber (level 3, -6/26 HPs)
             Began as a Ghoul Necromancer on Mar 2, 2022.
             Mangled by Sigmund
             ... wielding a +0 scythe
              (7 damage)
             ... on level 1 of the Dungeon.
             The game lasted 00:04:11 (1226 turns).

siradein the Grave Robber (Ghoul Necromancer)       Turns: 1226, Time: 00:04:12

Health: -6/26      AC:  3    Str: 11    XL:     3   Next: 20%
Magic:  5/5        EV: 12    Int: 12    God:
Gold:   74         SH:  0    Dex:  9    Spells: 5/6 levels left

rFire   + . .      SeeInvis .   (no weapon)
rCold   + . .      Faith    .   (no shield)
rNeg    + + +      Spirit   .   a - +0 robe
rPois   ∞          Reflect  .   (no helmet)
rElec   .          Harm     .   e - +0 cloak
rCorr   .          Rampage  .   (no gloves)
Will    .....                   (no boots)
Stlth   ++........              (no amulet)
HPRegen 0.00/turn               c - ring of protection from fire
MPRegen 0.09/turn               (no ring)

@: inhibited regen
A: claws 1, cold resistance 1, negative energy resistance 3, inhibited
regeneration, torment resistance 2
a: no special abilities


You were on level 1 of the Dungeon.
You visited 1 branch of the dungeon, and saw 2 of its levels.

You collected 74 gold pieces.

Inventory:

Armour
 a - a +0 robe (worn)
 e - a +0 cloak (worn)
Jewellery
 c - a ring of protection from fire (left claw)
Potions
 b - a potion of degeneration {unknown}
 d - a potion of berserk rage {unknown}
 f - 2 potions of mutation {unknown}


   Skills:
 - Level 1.7 Dodging
 - Level 2.1 Stealth
 + Level 2.2 Spellcasting
 * Level 4.7 Necromancy


You had 5 spell levels left.
You knew the following spells:

 Your Spells              Type           Power      Damage    Failure   Level
a - Pain                  Necr           48%        1d6       3%          1

Your spell library contained the following spells:

 Spells                   Type           Power      Damage    Failure   Level
 Animate Skeleton         Necr           24%        N/A       3%          1
 Vampiric Draining        Necr           12%        2d6       12%         3
 Animate Dead             Necr           6%         N/A       36%         4
 Agony                    Necr           12%        N/A       71%         5


Dungeon Overview and Level Annotations

Branches:
Dungeon (2/15)

Altars:

Annotations:
D:1 Sigmund


Innate Abilities, Weirdness & Mutations

You thrive by killing the living.
You are immune to poison.
You have sharp fingernails.
Your flesh is cold resistant. (rC+)
You are immune to negative energy. (rN+++)
You do not regenerate when monsters are visible.
You are immune to unholy pain and torment.


Message History

The jackal barely misses you. The jackal misses you. The jackal bites you.
* * * LOW HITPOINT WARNING * * *
Sigmund says, "Look into my eyes."
Sigmund casts a spell at you.
You are confused.
Sigmund casts a spell.
Sigmund flickers and vanishes!
The jackal bites you but does no damage.
The jackal bites you but does no damage.
You bump into the rock wall.
The jackal bites you but does no damage.
The jackal misses you.
You bump into the rock wall.
The jackal completely misses you.
The jackal bites you but does no damage.
The jackal closely misses you.
You bump into the rock wall.
You feel less confused.
The jackal bites you but does no damage.
The jackal bites you.
* * * LOW HITPOINT WARNING * * *
The jackal closely misses you. x2; Something hits you.
* * * LOW HITPOINT WARNING * * *
You miss the jackal. The jackal closely misses you.
The jackal barely misses you. The jackal completely misses you.
The jackal closely misses you.
You scratch the jackal.
The jackal is moderately wounded.
The jackal closely misses you.
The jackal bites you but does no damage. x2
Something hits you but does no damage. The jackal closely misses you.
The jackal barely misses you.
You scratch the jackal.
The jackal is almost dead.
The jackal closely misses you. x2; The jackal barely misses you.
The jackal bites you.
* * * LOW HITPOINT WARNING * * *
Something hits you!
You die...

........######.##..........# #.#
##..........##.##..........# #.#
#..........##.#######+##### #.#
#..........##.#######.#######.##
##..............h..)............
#....#######.#######.#######.##
#....# #.# #.#### #.#
#....#######.### #....# #.##
#....#.......h@# #....# #.##
#....#.......hh# #....####.##
#....#.........# #.#.......##
###....#######.#######.#.########
.......# #h..........#.#(# #
..†....# #.#.........#.#.# #
....#### #.#.........#.#.# #
....######h#.........#h#.# #
######.............).#.#.########


You could see 3 jackals.

Vanquished Creatures
  2 dart slugs (D:1)
  3 ball pythons (D:1)
  A bat (D:1)
  4 endoplasms (D:1)
  2 goblins (D:1)
  2 hobgoblins (D:1)
  4 kobolds (D:1)
  2 quokkas (D:1)
  2 frilled lizards (D:1)
  A rat (D:1)
23 creatures vanquished.

Notes
Turn   | Place    | Note
-------+----------+-------------------------------------------
     0 | D:1      | siradein the Ghoul Necromancer began the quest for the Orb.
     0 | D:1      | Reached XP level 1. HP: 14/14 MP: 2/2
    95 | D:1      | Reached XP level 2. HP: 20/20 MP: 0/3
   606 | D:1      | Reached XP level 3. HP: 26/26 MP: 1/5
  1156 | D:2      | Noticed Sigmund
  1226 | D:1      | HP: 1/26 [jackal (1)]
  1226 | D:1      | Mangled by Sigmund

Illustrated notes

Levels and vault maps discovered:
D:1:      mrwooster_arrival_statue_3, layout_basic
D:2:      layout_basic, basic_ecumenical_altar, basic_altar, uniq_sigmund,
          uniq_terence

Skill      XL: |  1  2 |
---------------+-------+-----
Spellcasting   | 2 |  2.2
Dodging        | |  1.7
Stealth        | |  2.1
Necromancy     | |  4.7

Action                   || total
-------------------------++-------
Melee: Unarmed           ||    16
       Punch             ||     2
 Cast: Pain              ||    38
Armor: Robe              ||    17
Dodge: Dodged            ||    39

Table legend: (Time is in decaauts)
 A = Elapsed time spent in this place.
 B = Non-inter-level travel time spent in this place.
 C = Inter-level travel time spent in this place.
 D = Time resting spent in this place.
 E = Time spent auto-exploring this place.
 F = Levels seen in this place.
 G = Mean time per level.
                   A        B        C        D        E       F      G
               +--------+--------+--------+--------+--------+-----+--------+
         Total |   1225 |   1208 |     17 |      0 |   1013 |   2 |  612.5 |
       Dungeon |   1225 |   1208 |     17 |      0 |   1013 |   2 |  612.5 |
               +--------+--------+--------+--------+--------+-----+--------+

Top non-repeatable levels by time:
     D:1: 1224 daAuts
     D:2: 1 daAuts
